 Dungeon Crawl Stone Soup version 0.27-a0-1139-g28e009f8a6 (webtiles) character file.

Game seed: 1039934085799849100

11685 daftaero the Fighter (level 11, -3/101 HPs)
             Began as a Yellow Draconian Earth Elementalist on May 7, 2021.
             Was a Priest of Sif Muna.
             Slain by a freezing wraith (8 damage)
             ... in an ice cave.
             The game lasted 00:54:59 (14989 turns).

daftaero the Fighter (DrEE)                        Turns: 14989, Time: 00:55:00

Health: -3/101     AC: 14    Str: 10    XL:     11   Next: 52%
Magic:  14/29      EV: 12    Int: 24    God:    Sif Muna [***...]
Gold:   691        SH:  5    Dex: 12    Spells: 6/22 levels left

rFire    . . .     SeeInvis .   y - +5 trident of Conflict {venom, rElec Int+5}
rCold    . . .     Faith    .   (no shield)
rNeg     . . .     Spirit   .   (armour unavailable)
rPois    +         Reflect  +   (helmet restricted)
rElec    +         Harm     .   p - +2 cloak {rPois}
rCorr    +         Rampage  .   (no gloves)
Will     .....                  (no boots)
Stlth    +++.......             l - amulet of reflection
HPRegen  0.26/turn              c - ring of Xom's Amusement {AC+4 Stlth+}
MPRegen  0.21/turn              n - ring of magical power

@: hasted and slowed
A: spit acid, AC +7, unfitting armour, cold-blooded, acid resistance
a: Breathe Acid, Renounce Religion, Channel Magic, Forget Spell


You were in an ice cave.
You worshipped Sif Muna.
Sif Muna was most pleased with you.
You visited 2 branches of the dungeon, and saw 12 of its levels.
You also visited: Ice Cave.

You collected 931 gold pieces.
You spent 240 gold pieces at shops.

Inventory:

Hand Weapons
 y - the +5 trident of Conflict (weapon) {venom, rElec Int+5}
   (You found it on level 5 of the Dungeon)

   It poisons the flesh of those it strikes.
   It affects your intelligence (+5).
   It insulates you from electricity.
Missiles
 b - 297 stones
 E - 2 atropa-tipped darts
Armour
 p - a +2 cloak of poison resistance (worn)
 I - the -2 hat of the Alchemist {rElec rPois rF+ rC+ rN+ Will+ rMut rCorr}
   (You acquired it on level 7 of the Dungeon)

   It protects you from fire.
   It protects you from cold.
   It insulates you from electricity.
   It protects you from poison.
   It protects you from negative energy.
   It protects you from acid and corrosion.
   It protects you from mutation.
   It increases your willpower.
Jewellery
 c - the ring of Xom's Amusement (left hand) {AC+4 Stlth+}
   (You acquired it on level 8 of the Dungeon)

   [ring of protection]

   It affects your AC (+4).
   It makes you more stealthy.
 l - an amulet of reflection (around neck)
 m - an amulet of the acrobat
 n - a ring of magical power (right hand)
 C - a ring of fire
Wands
 s - a wand of iceblast (11)
 B - a wand of flame (25)
 G - a wand of paralysis (9)
Scrolls
 a - a scroll of amnesia
 g - 2 scrolls of identify
 h - a scroll of enchant armour
 k - 4 scrolls of teleportation
 w - 3 scrolls of immolation
 D - a scroll of fear
Potions
 e - 3 potions of attraction {unknown}
 f - 2 potions of heal wounds
 i - 4 potions of flight
 j - a potion of haste
 o - a potion of might {unknown}
 r - a potion of ambrosia
 t - 3 potions of lignification
 u - a potion of resistance {unknown}
 v - 3 potions of curing
 A - 2 potions of invisibility {unknown}
 F - a potion of magic {unknown}
 H - a potion of degeneration {unknown}


   Skills:
 + Level 10.6 Fighting
 + Level 8.9 Polearms
 - Level 1.7 Dodging
 - Level 1.7 Stealth
 + Level 6.2 Spellcasting
 - Level 5.0 Conjurations
 + Level 1.3 Hexes
 - Level 5.0 Transmutations
 - Level 9.0 Earth Magic


You had 6 spell levels left.
You knew the following spells:

 Your Spells              Type           Power      Damage    Failure   Level
a - Sandblast             Erth           100%       2d20      1%          1
b - Passwall              Tmut/Erth      34%        N/A       1%          2
c - Stone Arrow           Conj/Erth      82%        3d12      1%          3
d - Lee's Rapid Deconstr  Erth           25%        3d15*     5%          5
e - Yara's Violent Unrav  Hex/Tmut       11%        3d6       52%         5

Your spell library contained the following spells:

 Spells                   Type           Power      Damage    Failure   Level
 Petrify                  Tmut/Erth      41%        N/A       4%          4
 Freeze                   Ice            28%        1d5       8%          1
 Conjure Flame            Conj/Fire      19%        6-21      9%          3
 Poisonous Vapours        Pois/Air       14%        N/A       12%         2
 Mephitic Cloud           Conj/Pois/Air  15%        N/A       12%         3
 Confusing Touch          Hex            13%        N/A       14%         3
 Frozen Ramparts          Ice            14%        1d3       24%         3
 Gell's Gravitas          Tloc           3%         N/A       24%         3
 Ozocubu's Armour         Ice            7%         N/A       24%         3
 Hailstorm                Conj/Ice       19%        3d6       26%         4
 Irradiate                Conj/Tmut      15%        3d18      26%         5
 Statue Form              Tmut/Erth      27%        N/A       54%         6
 Blade Hands              Tmut           15%        N/A       83%         6
 Metabolic Englaciation   Hex/Ice        5%         N/A       86%         5
 Freezing Cloud           Conj/Ice/Air   7%         6-21      99%         6
 Dragon Form              Tmut           15%        N/A       100%        7


Dungeon Overview and Level Annotations

Branches:
Dungeon (11/15)            Temple (1/1) D:6            Lair (0/6) D:8
    Orc (0/2) D:10          IceCv (1/1)

Altars:
Ashenzari
Cheibriados
Dithmenos
Elyvilon
Fedhas
Gozag
Hepliaklqana
Kikubaaqudgha
Makhleb
Nemelex Xobeh
Okawaru
Qazlal
Ru
Sif Muna
Trog
Uskayaw
Vehumet
Wu Jian
Xom
Yredelemnul
Zin
The Shining One

Shops:
D:7 (   D:9 !   D:10 =

Annotations:
D:4 Eustachio
D:6 1 runed translucent door
D:9 2 transporters, TheGreatAnchovy's ghost, novice VSFi


Innate Abilities, Weirdness & Mutations

You can spit globs of acid.
Your golden yellow scales are hard. (AC +7)
You cannot fit into any form of body armour.
You are cold-blooded and may be slowed by cold attacks.
You are resistant to acid. (rCorr)


Message History

Aim: a freezing wraith (moderately damaged, 76% to hit)
The stone arrow hits the freezing wraith!!
The freezing wraith is almost destroyed.
Casting: Stone Arrow (safe; 1% risk of failure)
Confirm with . or Enter, or press ? or * to list all spells.
Aiming: Stone Arrow (safe; 1% risk of failure)
Press: ? - help, Shift-Dir - straight line, f/p - freezing wraith
Aim: a freezing wraith (almost destroyed, 76% to hit)
The stone arrow misses the freezing wraith.
The stone arrow hits the freezing wraith!
The freezing wraith is heavily damaged.
You closely miss the freezing wraith.
The freezing wraith is almost destroyed.
A freezing wraith comes into view. x2
You block the freezing wraith's attack. The freezing wraith closely misses you.
You hit the freezing wraith.
The freezing wraith is almost destroyed.
The freezing wraith hits you but does no damage. x2
You hit the freezing wraith.
You tail-slap the freezing wraith, but do no damage.
The freezing wraith is almost destroyed.
The freezing wraith hits you! The freezing wraith freezes you!
You feel yourself slow down. The freezing wraith hits you!
The freezing wraith drains your vigour!
You feel as though you will be slow longer.
The freezing wraith hits you! The freezing wraith freezes you!!
You feel as though you will be slow longer.
The freezing wraith misses you. The freezing wraith barely misses you.
The freezing wraith hits you but does no damage.
The freezing wraith hits you!
* * * LOW HITPOINT WARNING * * *
The freezing wraith freezes you!!
* * * LOW HITPOINT WARNING * * *
The freezing wraith barely misses you.
The freezing wraith closely misses you. x2
You block the freezing wraith's attack. The freezing wraith barely misses you.
You feel yourself speed up. The freezing wraith barely misses you.
The freezing wraith closely misses you.
The freezing wraith barely misses you. x2
You block the freezing wraith's attack. The freezing wraith hits you!
You die...

####..####
##.#....#.##
##..........#
##............
####.............
##...............#
##....###........##
. #...###
###...#### .. #W@##
#####


.WW #W.W# #... ##W.## #... ##..## #...###..## #..W....# ###.W..## ###### You
could see 4 freezing wraiths.

Vanquished Creatures
  Gastronok (D:11)
  2 two-headed ogres
  An orc knight (D:10)
  The ghost of sizableburger the Grave Robber, a novice NaNe of Makhleb (D:6)
  A komodo dragon (D:10)
  An unseen horror (D:11)
  3 trolls
  2 wolf spider simulacra (IceCv)
  Grinder (D:6)
  2 wraiths
  A wyvern (D:10)
  3 yaks (D:8)
  Grum (D:10)
  2 steam dragons
  An acid dragon (D:8)
  5 water moccasins
  5 orc warriors
  5 ice beasts (IceCv)
  A sky beast (D:6)
  6 black bears
  A necrophage (D:6)
  2 wolves (D:10)
  An ogre (D:4)
  4 centaurs
  7 bullfrogs
  A scorpion (D:4)
  2 gnoll sergeants
  6 killer bees
  4 wights (D:7)
  6 howler monkeys
  A centaur zombie (D:9)
  3 hounds
  3 orc priests
  A centaur skeleton (D:6)
  2 jellies (D:6)
  2 iguanas (D:4)
  5 orc wizards
  2 polar bear simulacra (IceCv)
  A hound zombie (D:5)
  A hound skeleton (D:5)
  2 howler monkey zombies (D:9)
  7 adders
  15 gnolls
  2 shadow imps
  7 white imps
  3 worms
  7 dart slugs
  36 orcs
  4 endoplasms
  4 giant cockroaches
  7 goblins
  21 hobgoblins
  2 jackals (D:2)
  6 kobolds
  3 quokkas
  5 ball pythons
  8 bats
  12 frilled lizards
  2 goblin skeletons (D:6)
  3 hobgoblin zombies (D:6)
  2 kobold skeletons (D:6)
  A kobold zombie (D:6)
  An orc zombie (D:6)
  9 rats
269 creatures vanquished.

Vanquished Creatures (others)
  39 fungi (D:8)
  45 plants (D:8)
84 creatures vanquished.

Grand Total: 353 creatures vanquished

Notes
Turn   | Place    | Note
-------+----------+-------------------------------------------
     0 | D:1      | daftaero the Draconian Earth Elementalist began the quest
                  | for the Orb.
     0 | D:1      | Reached XP level 1. HP: 14/14 MP: 3/3
    96 | D:1      | Reached XP level 2. HP: 22/22 MP: 1/5
   130 | D:1      | Reached skill level 1 in Fighting
   539 | D:1      | Reached XP level 3. HP: 20/28 MP: 2/6
   542 | D:1      | Learned a level 2 spell: Passwall
   986 | D:1      | You fall into a shaft and drop 1 floor!
  1211 | D:2      | Learned a level 3 spell: Stone Arrow
  1353 | D:2      | Reached XP level 4. HP: 36/36 MP: 6/8
  1716 | D:2      | Reached skill level 2 in Fighting
  2384 | D:3      | Found a faded altar of an unknown god.
  2435 | D:3      | Noticed a black bear
  2654 | D:3      | Reached skill level 1 in Conjurations
  2771 | D:3      | Killed a black bear
  2772 | D:3      | Reached XP level 5. HP: 44/44 MP: 2/9
  2975 | D:3      | Reached skill level 3 in Fighting
  3015 | D:3      | Found a snail-covered altar of Cheibriados.
  3015 | D:3      | Found a shimmering blue altar of Sif Muna.
  3025 | D:3      | Became a worshipper of Sif Muna the Loreminder
  3596 | D:4      | Reached XP level 6. HP: 40/51 MP: 0/10
  3972 | D:4      | Reached skill level 4 in Fighting
  4038 | D:4      | Found a blossoming altar of Fedhas.
  4065 | D:4      | Reached skill level 5 in Earth Magic
  4065 | D:4      | Your scales start taking on a golden yellow colour.
  4065 | D:4      | Reached XP level 7. HP: 59/59 MP: 4/11
  4065 | D:4      | Gained mutation: You are resistant to acid. (rCorr) [Yellow
                  | Draconian growth]
  4132 | D:4      | Noticed Eustachio
  4483 | D:4      | Reached skill level 1 in Polearms
  4559 | D:5      | Entered Level 5 of the Dungeon
  5170 | D:5      | Identified the +5 trident of Conflict {venom, rElec Int+5}
  5211 | D:5      | Found a white marble altar of Elyvilon.
  5686 | D:6      | Found a glowing golden altar of the Shining One.
  5909 | D:6      | Noticed Grinder
  5911 | D:6      | Paralysed by Grinder for 4 turns
  5920 | D:6      | Paralysed by Grinder for 2 turns
  5932 | D:6      | Killed Grinder
  5933 | D:6      | Reached skill level 5 in Fighting
  5933 | D:6      | Reached XP level 8. HP: 47/68 MP: 12/12
  6011 | D:6      | Reached * piety under Sif Muna
  6443 | D:6      | Learned a level 5 spell: Lee's Rapid Deconstruction
  6630 | D:6      | Found a staircase to the Ecumenical Temple.
  6671 | Temple   | Entered the Ecumenical Temple
  6909 | D:6      | Found a runed translucent door.
  6924 | D:6      | Noticed sizableburger's ghost (novice NaNe)
  6996 | D:6      | Reached skill level 5 in Conjurations
  7188 | D:6      | Reached skill level 6 in Fighting
  7230 | D:6      | Found a runed translucent door.
  7515 | D:7      | Found Lausu's Weapon Shop.
  8182 | D:7      | Reached XP level 9. HP: 54/78 MP: 5/13
  8371 | D:7      | Identified 2 scrolls of acquirement
  8371 | D:7      | Acquired the -2 hat of the Alchemist {rElec rPois rF+ rC+
                  | rN+ Will+ rMut rCorr}
  8372 | D:7      | Found the -2 hat of the Alchemist {rElec rPois rF+ rC+ rN+
                  | Will+ rMut rCorr}
  8785 | D:8      | Reached skill level 7 in Fighting
  8787 | D:8      | Reached ** piety under Sif Muna
  8805 | D:8      | Reached skill level 5 in Polearms
  8978 | D:8      | Acquired the ring of Xom's Amusement {AC+4 Stlth+}
  9046 | D:8      | Found a staircase to the Lair.
  9143 | D:8      | Reached skill level 8 in Fighting
 10127 | D:9      | Noticed a komodo dragon
 10128 | D:9      | Noticed a moth of wrath
 10133 | D:9      | Noticed TheGreatAnchovy's ghost (novice VSFi)
 10141 | D:9      | Noticed a troll
 10143 | D:9      | Found a transporter.
 10150 | D:9      | Killed a troll
 10151 | D:9      | Reached XP level 10. HP: 68/90 MP: 14/14
 10261 | D:9      | Found a transporter.
 10767 | D:9      | Found Sosid's Distillery.
 11489 | D:6      | Killed sizableburger's ghost
 11490 | D:6      | Reached skill level 9 in Fighting
 11697 | D:10     | Entered Level 10 of the Dungeon
 11784 | D:10     | Found Bunomage's Jewellery Shoppe.
 11806 | D:10     | Noticed a two-headed ogre
 12184 | D:10     | Killed a two-headed ogre
 12192 | D:10     | Reached *** piety under Sif Muna
 12883 | D:10     | Found a hide-covered altar of Uskayaw.
 12970 | D:10     | Found a shimmering altar of Xom.
 12987 | D:10     | Noticed Grum
 13000 | D:10     | Killed Grum
 13001 | D:10     | Reached skill level 5 in Spellcasting
 13059 | D:10     | Found a staircase to the Orcish Mines.
 13523 | D:10     | Noticed an orc knight
 13536 | D:10     | Killed an orc knight
 13853 | D:10     | Bought a ring of magical power for 240 gold pieces
 14136 | D:11     | Reached XP level 11. HP: 99/99 MP: 6/18
 14259 | D:11     | Reached skill level 10 in Fighting
 14276 | D:11     | Noticed Gastronok
 14300 | D:11     | Killed Gastronok
 14559 | D:11     | Noticed a two-headed ogre
 14574 | D:11     | Killed a two-headed ogre
 14575 | D:11     | Reached skill level 5 in Transmutations
 14583 | D:11     | Learned a level 5 spell: Yara's Violent Unravelling
 14609 | D:11     | Found a frozen archway.
 14628 | IceCv    | Entered an ice cave
 14643 | IceCv    | Reached skill level 1 in Hexes
 14987 | IceCv    | HP: 4/101 [freezing wraith (23)]
 14989 | IceCv    | Slain by a freezing wraith

Illustrated notes

Levels and vault maps discovered:
D:1:      dpeg_arrival_boxorama, layout_loops_corners, kennysheep_pointless_box
D:2:      layout_loops_ring, minmay_lizard_pond
D:3:      layout_basic, gammafunk_temple_overflow_statue,
          shapermc_ecumenical_altar_starsandcircs, wad_rectangle_vault
D:4:      layout_gridville, fedhas_altar_2, dk_noncrumbling_2, uniq_eustachio
D:5:      layout_loops_corners, kennysheep_little_box, minmay_door_square,
          chequers_garden, st_stairs_11, minmay_misc_feat_columns
D:6:      layout_basic, nicolae_tso_besieged_by_evil,
          minmay_temple_entry_antechambers, ebering_ghost_sewer_f,
          grunt_ministairs_8, minmay_misc_feat_rugged, uniq_grinder
D:7:      layout_basic, serial_shops, shop
D:8:      layout_cave_pods, due_lair_maze_entry_diamond
D:9:      layout_small_grid, gammafunk_ghost_berserking_beasts, serial_shops,
          nicolae_shop_trees
D:10:     cheibrodos_orc_bank, layout_layer_cave, lemuel_tele_altar,
          nicolae_overflow_crystal_walls, serial_shops,
          nicolae_shop_window_shopping, kennysheep_small_circle, uniq_grum
D:11:     layout_basic, portal_ice_cave_entry_pillars_1,
          nzn_wu_jian_council_hall, uniq_gastronok
Temple:   regret_index_temple_generic_petals
IceCv:    ice_cave_small_necro

Skill      XL: |  1  2  3  4  5  6  7  8  9 10 11 |
---------------+----------------------------------+-----
Fighting       | 1 2 3 4 5 6 8 9 10 | 10.6
Conjurations   | 1 2 3 4 5 |  5.0
Earth Magic    | 4 5 6 8 9 |  9.0
Polearms       | 2 4 6 8 |  8.9
Spellcasting   | 3 5 6 |  6.2
Transmutations | 3 5 |  5.0
Hexes          | 1 |  1.3
Dodging        | |  1.7
Stealth        | |  1.7

Action                   |  1- 3 |  4- 6 |  7- 9 | 10-12 || total
-------------------------+-------+-------+-------+-------++-------
Melee: Dagger            |    51 |       |       |       ||    51
       Tailslap          |     7 |     7 |    17 |    15 ||    46
       Spear             |    44 |   117 |    20 |       ||   181
       Trident           |       |       |   186 |   145 ||   331
 Cast: Sandblast         |    26 |    45 |    45 |    38 ||   154
       Passwall          |     1 |       |       |       ||     1
       Stone Arrow       |       |     5 |    28 |    14 ||    47
       Lee's Rapid Decon |       |       |     4 |    31 ||    35
 Abil: Breathe Acid      |       |       |     1 |       ||     1
  Use: Scroll            |       |       |    19 |       ||    19
       Potion            |       |       |       |     2 ||     2
 Stab: Sleeping          |     2 |     8 |     4 |     1 ||    15
Armor: Skin              |    26 |    31 |    79 |    63 ||   199
Dodge: Dodged            |    66 |    75 |    87 |    78 ||   306
Block: Other             |       |     2 |    51 |    38 ||    91
       Reflection        |       |       |     2 |     3 ||     5

Table legend: (Time is in decaauts)
 A = Elapsed time spent in this place.
 B = Non-inter-level travel time spent in this place.
 C = Inter-level travel time spent in this place.
 D = Time resting spent in this place.
 E = Time spent auto-exploring this place.
 F = Levels seen in this place.
 G = Mean time per level.
                   A        B        C        D        E       F      G
               +--------+--------+--------+--------+--------+-----+--------+
         Total |  15049 |  14359 |    690 |   1189 |   9595 |  13 | 1157.6 |
       Dungeon |  14463 |  13788 |    675 |    979 |   9359 |  11 | 1314.8 |
        Temple |    224 |    209 |     15 |      0 |    208 |   1 |  224.0 |
      Ice Cave |    361 |    361 |      0 |    210 |     28 |   1 |  361.0 |
               +--------+--------+--------+--------+--------+-----+--------+

Top non-repeatable levels by time:
    D:10: 2427 daAuts
     D:6: 1927 daAuts
     D:8: 1510 daAuts
     D:3: 1434 daAuts
     D:1: 1334 daAuts
     D:7: 1220 daAuts
     D:5: 1175 daAuts
     D:9: 1082 daAuts
     D:4: 953 daAuts
     D:2: 897 daAuts
    D:11: 499 daAuts
   IceCv: 361 daAuts
  Temple: 224 daAuts
